 Dungeon Crawl Stone Soup version 0.25-a0-265-g7af84ae0ac (webtiles) character file.

Game seed: 227417932805208898, levelgen mode: deterministic

387030 Iamsoldier the Slayer (level 21, 0/207 HPs)
             Began as a Minotaur Berserker on Dec 7, 2019.
             Was a High Priest of Trog.
             Slain by a tentacled starspawn (13 damage)
             ... on level 3 of the Abyss.
             The game lasted 01:54:25 (43699 turns).

Iamsoldier the Slayer (Minotaur Berserker)         Turns: 43699, Time: 01:54:27

Health: 0/207      AC: 40    Str: 26      XL:     21   Next: 67%
Magic:  35/35      EV: 20    Int:  3 (4)  God:    Trog [*****.]
Gold:   1804       SH: 24    Dex: 25      Spells: 20/20 levels left

rFire    + + +     SeeInvis .   h - +6 broad axe (flame)
rCold    + + +     Gourm    .   k - +4 shield of the Doldrums {rC+}
rNeg     . . .     Faith    .   Z - +7 gold dragon scales
rPois    +         Spirit   .   a - +1 hat
rElec    .         Reflect  +   L - scarf {rC+ rF+}
rCorr    .         Harm     .   U - +2 pair of gloves {Dex+3}
MR       +....                  Q - +2 pair of boots "Ysatex" {rF++ Dex+2}
Stlth    ..........             E - amulet "Boitsimp" {Reflect SH+4 Stlth+}
HPRegen  0.44/turn              K - +3 ring of dexterity
MPRegen  0.24/turn              F - ring of Generosity {*Contam rPois MP+9 Str+3}

@: lightly drained
A: retaliatory headbutt, hooves 1, horns 2, icy blue scales 1, agile 1, blurry
vision 1[+1], [weak 2], [no potion heal 2], subdued magic 1
}: 3/15 runes: barnacled, silver, gossamer
a: Berserk, Trog's Hand, Brothers in Arms, Renounce Religion


You were on level 3 of the Abyss.
You worshipped Trog.
Trog was extremely pleased with you.
You were hungry.

You visited 6 branches of the dungeon, and saw 36 of its levels.
You visited the Abyss 2 times.
You also visited: Volcano.

You collected 5006 gold pieces.
You spent 3202 gold pieces at shops.

Inventory:

Hand Weapons
 h - a +6 broad axe of flaming (weapon)
 W - a +0 broad axe
Armour
 a - a +1 hat (worn)
 k - the +4 shield of the Doldrums (worn) {rC+}
   (You took it off Donald on level 1 of the Spider Nest)

   It protects you from cold.
 x - the +8 crystal plate armour of Dust {rN+++ Str-2 Int+8 Dex-5}
   (You acquired it on level 1 of the Vaults)

   It affects your strength (-2).
   It affects your intelligence (+8).
   It affects your dexterity (-5).
   It renders you almost immune to negative energy.
 L - a scarf of resistance (worn)
 Q - the +2 pair of boots "Ysatex" (worn) {rF++ Dex+2}
   (You found it on level 14 of the Dungeon)

   It affects your dexterity (+2).
   It greatly protects you from fire.
 U - a +2 pair of gloves of dexterity (worn)
 Z - +7 gold dragon scales (worn)
Jewellery
 B - an uncursed ring of protection from fire
 D - a +4 ring of strength
 E - the amulet "Boitsimp" (around neck) {Reflect SH+4 Stlth+}
   (You found it on level 6 of the Dungeon)

   [amulet of reflection]

   It shields you and reflects attacks.
   It affects your SH (+4).
   It makes you more stealthy.
 F - the ring of Generosity (right hand) {*Contam rPois MP+9 Str+3}
   (You bought it in a shop on level 2 of the Shoals)

   [ring of magical power]

   It affects your strength (+3).
   It protects you from poison.
   It affects your magic capacity (+9).
   It causes magical contamination when unequipped.
 K - a +3 ring of dexterity (left hand)
 X - an uncursed ring of resist corrosion
 Y - an uncursed ring of poison resistance
Wands
 b - a wand of digging (17)
 q - a wand of enslavement (25)
 v - a wand of polymorph (43)
 C - a wand of acid (41)
 I - a wand of flame (50)
 J - a wand of paralysis (19)
 N - a wand of iceblast (27)
 R - a wand of scattershot (3)
 T - a wand of clouds (20)
Scrolls
 e - 15 scrolls of teleportation
 g - 6 scrolls of fear
 i - 11 scrolls of fog
 r - 14 scrolls of identify
 u - 5 scrolls of magic mapping
 y - 12 scrolls of remove curse
 H - a scroll of summoning
 P - a scroll of enchant weapon
 V - 2 scrolls of holy word
Potions
 f - a potion of heal wounds
 j - 19 potions of curing
 m - 4 potions of agility
 n - 4 potions of cancellation
 o - 4 potions of magic
 p - a potion of invisibility
 s - 4 potions of brilliance
 t - 8 potions of might
 w - 4 potions of ambrosia
 A - 3 potions of mutation
 G - a potion of resistance
 M - 3 potions of lignification
 O - 2 potions of haste
 S - 6 potions of flight
Miscellaneous
 z - a lamp of fire
Comestibles
 c - 3 chunks of flesh
 d - 68 rations


   Skills:
 * Level 22.3(22.0) Fighting
 + Level 19.9(19.7) Axes
 + Level 20.0(19.8) Armour
 * Level 19.0(18.8) Dodging
 - Level 16.5(16.3) Shields
 - Level 8.0(7.8) Evocations


You had 20 spell levels left.
You didn't know any spells.
Your spell library was empty.

Dungeon Overview and Level Annotations

Branches:
Dungeon (15/15)            Temple (0/1) D:7            Lair (6/6) D:8
 Shoals (4/4) Lair:2       Spider (4/4) Lair:2        Slime (0/5) Lair:6
    Orc (2/2) D:10            Elf (0/3) Orc:2        Vaults (5/5) D:14
  Crypt (0/3) Vaults:3     Depths (0/5) D:15        Volcano (visited)

Altars:
Dithmenos
Fedhas
Gozag
Trog
Yredelemnul
Beogh
Jiyva

Shops:
D:5 *   D:11 !*   Orc:2 :(*[*   Shoals:2 =   Vaults:1 :   Vaults:3 !

Annotations:
Lair:4 2 transporters, Rooheesk's ghost, journeyman DDGl
Spider:2 2 transporters, mortelune's ghost, journeyman MiMo


Innate Abilities, Weirdness & Mutations

You reflexively headbutt those who attack you in melee.
You have a pair of horns on your head.
You have large cloven feet.
You are partially covered in icy blue scales. (AC +2)
You are agile. (Dex +2)
Your spells are a little easier to cast, but a little less powerful.
[Scrolls take you longer to read.]
[You are very weak. (Str -4)]
[Potions are poor at restoring your health.]


Message History

A tentacled starspawn comes into view.
You see here a raiju skeleton.
A tentacled starspawn is nearby!
A tentacled starspawn is nearby!
You see here a raiju skeleton.
The thrashing horror roars!
You slice the tentacled starspawn!! You burn the tentacled starspawn.
The tentacled starspawn is heavily damaged.
You recover from your berserk rage.
You hear a hideous shriek!
The tentacled starspawn bites you!!
* * * LOW HITPOINT WARNING * * *
The tentacled starspawn misses you.
Your system partially rejects the healing.
You feel much better.
A flying skull comes into view.
The tentacled starspawn bites you!!
* * * LOW HITPOINT WARNING * * *
The tentacled starspawn engulfs you!
You die...

# . . #.... ..
............ .
# #....#..#z..#
.
###.#......†..†
..
...#.....>.....
.. ....#..... .
. .
##...........
....
#...X....... ..
. #.#@# .#... .
.. #
##..........
.....
##.÷.##..#..
..... #...###
#.# . ##### .
... . . . ..
..# . .... ..
..


You could see a tentacled starspawn and a flying skull.

Vanquished Creatures
  2 ancient liches
  Saint Roka (Vaults:1)
  3 golden dragons (Vaults:5)
  Nikola (Spider:3)
  2 tentacled monstrosities
  3 liches
  4 titans (Vaults:5)
  A quicksilver dragon (Vaults:5)
  6 tentacled starspawn
  A kraken (Shoals:4)
  Polyphemus (Shoals:3)
  A sphinx (Vaults:2)
  2 storm dragons
  Agnes (Spider:1)
  Donald (Spider:1)
  5 tengu reavers
  Roxanne (Spider:2)
  Ilsuiw (Shoals:2)
  7 fire giants
  6 vault wardens
  An iron dragon (Vaults:5)
  A frost giant (shapeshifter) (D:15)
  4 ghost moths (Spider:4)
  3 frost giants
  6 deep elf sorcerers
  A ghost moth (shapeshifter) (Vaults:5)
  6 emperor scorpions (Spider:4)
  An orc warlord (Orc:2)
  Aizul (Shoals:2)
  Louise (Spider:3)
  A deep elf elementalist (Vaults:5)
  14 ironheart preservers
  4 very ugly things
  An entropy weaver (shapeshifter) (Vaults:5)
  10 stone giants
  3 entropy weavers
  3 deep elf demonologists (Vaults:5)
  A lorocyproca (Abyss:2)
  2 deep elf annihilators
  A dire elephant (Lair:6)
  13 merfolk impalers
  5 fire dragons
  4 ettins
  2 merfolk javelineers
  Snorg (Lair:4)
  Josephine (Spider:1)
  11 yaktaur captains
  Erolcha (D:13)
  3 great orbs of eyes
  A deep elf high priest (Vaults:5)
  3 ice dragons
  18 vault guards (Vaults:5)
  3 rakshasas
  An alligator snapping turtle (Shoals:3)
  4 hydras
  2 merfolk avatars
  8 centaur warriors
  4 death knights
  2 catoblepae
  2 satyrs
  3 merfolk aquamancers (Shoals:4)
  4 ogre magi
  2 death yaks (Shoals:3)
  13 two-headed ogres
  An orc high priest (Orc:2)
  A tengu warrior (D:15)
  Urug (Lair:2)
  2 dancing weapons
  6 thrashing horrors (Abyss:3)
  3 wretched stars (Abyss:3)
  6 deep elf knights
  A storm dragon skeleton (Vaults:4)
  9 sea snakes
  2 shadow wraiths
  A skeletal warrior (Vaults:1)
  A swamp dragon (Lair:6)
  A hell knight (Volcano)
  A glowing orange brain (shapeshifter) (Vaults:4)
  2 unseen horrors
  6 wizards
  A glowing orange brain (Vaults:3)
  4 flayed ghosts
  3 deep elf archers
  9 ironbrand convokers
  A phantasmal warrior (Vaults:5)
  3 necromancers
  13 orc knights
  16 orb spiders
  12 harpies
  30 ugly things
  8 orc sorcerers
  A frost giant zombie (Vaults:2)
  An orb spider (shapeshifter) (Abyss:3)
  12 deep elf magi
  2 moths of wrath
  11 manticores
  11 fauns
  13 cyclopes
  34 wolf spiders
  4 black mambas
  12 merfolk sirens
  15 elephants
  A worldbinder (Abyss:3)
  2 black mambas (shapeshifter)
  7 water nymphs
  2 guardian serpents (shapeshifter)
  Maurice (D:13)
  2 human skeletons
  An apocalypse crab (Abyss:3)
  A spiny frog (shapeshifter) (Vaults:1)
  2 torpor snails
  3 smoke demons
  10 spiny frogs
  6 vault sentinels
  2 gargoyles
  9 komodo dragons
  4 kobold demonologists
  An ice devil (Abyss:3)
  3 rime drakes (Lair:6)
  10 starcursed masses (Abyss:3)
  19 demonic crawlers
  An efreet (Abyss:3)
  An ancient zyme (Abyss:3)
  20 yaktaurs
  5 freezing wraiths
  A komodo dragon (shapeshifter) (Vaults:3)
  A red devil (Volcano)
  A tengu conjurer (D:15)
  A meliai (shapeshifter) (Vaults:3)
  25 jumping spiders
  12 polar bears
  8 trolls
  31 merfolk
  A harpy skeleton (D:15)
  14 hippogriffs
  4 wind drakes
  Prince Ribbit (D:6)
  7 hornets
  21 blink frogs
  5 raiju
  6 snapping turtles
  11 slime creatures
  78 redbacks
  Sigmund (D:3)
  A spriggan (D:9)
  A shadow (D:13)
  25 tarantellas
  24 yaks
  2 vampires
  10 water elementals
  4 wyverns
  6 basilisks
  12 wraiths
  A hog (shapeshifter) (Vaults:4)
  2 basilisks (shapeshifter) (Vaults:1)
  9 fire bats
  A hungry ghost (D:13)
  3 neqoxecs (Abyss:3)
  5 vampire mosquitoes
  16 wargs
  8 large abominations (Abyss:3)
  A soldier ant (D:12)
  3 acid dragons
  An ogre skeleton (Vaults:1)
  11 water moccasins
  7 porcupines
  A swamp worm (shapeshifter) (Vaults:5)
  14 black bears
  16 hell hounds
  34 orc warriors
  5 sky beasts
  A hornet zombie (D:11)
  3 ice beasts
  2 eyes of draining
  2 swamp drakes (Lair:6)
  2 eyes of draining (shapeshifter)
  5 phantoms
  An ettin simulacrum (Vaults:2)
  24 centaurs
  3 boggarts (Vaults:2)
  19 ogres
  19 wolves
  An elf skeleton (Vaults:4)
  A necrophage (D:11)
  6 crocodiles
  3 human zombies
  2 big kobolds
  An earth elemental (Abyss:3)
  6 small abominations (Abyss:3)
  Blork the orc (Orc:2)
  12 bullfrogs
  A glowing shapeshifter simulacrum (Vaults:2)
  6 scorpions
  A human simulacrum (Vaults:2)
  13 killer bees
  15 wights
  3 electric eels
  7 lava snakes (Volcano)
  7 howler monkeys
  2 centaur zombies
  6 crimson imps
  7 jellies
  19 orc priests
  3 bullfrog skeletons
  5 centaur skeletons
  7 hounds
  Jessica (D:2)
  Terence (D:2)
  8 iguanas
  26 orc wizards
  Natasha (twice) (D:3)
  15 hell rats
  9 worker ants
  A hound skeleton (D:5)
  A worker ant zombie (D:10)
  Robin (D:4)
  11 gnolls
  18 adders
  2 shadow imps (D:5)
  An ufetubus (Abyss:3)
  3 oozes
  2 adder zombies (D:6)
  2 adder skeletons (D:4)
  3 worms
  8 leopard geckos
  95 orcs
  6 giant cockroaches
  6 goblins
  6 hobgoblins
  19 jackals
  17 kobolds
  4 quokkas
  14 bats
  2 frilled lizards
  A giant cockroach zombie (D:5)
  A quokka skeleton (D:8)
  2 rats (D:1)
  3 fungi
  20 plants
  4 starspawn tentacles (Abyss:3)
  A tentacle (Shoals:4)
1583 creatures vanquished.

Vanquished Creatures (others)
  A yaktaur captain (Vaults:5)
  A satyr (Shoals:3)
  An orb spider (Spider:4)
  A wolf spider (Spider:3)
  2 cyclopes
  A starcursed mass (Abyss:3)
  2 yaktaurs
  A merfolk (Shoals:1)
  A jumping spider (Spider:3)
  5 redbacks (Spider:3)
  2 centaurs
  A kobold skeleton (Abyss:3)
  14 fungi
  37 plants
  12 starspawn tentacles
  2 tentacles (Shoals:4)
84 creatures vanquished.

Grand Total: 1667 creatures vanquished

Notes
Turn   | Place    | Note
-------+----------+-------------------------------------------
     0 | D:1      | Iamsoldier the Minotaur Berserker began the quest for the
                  | Orb.
     0 | D:1      | Reached XP level 1. HP: 19/19 MP: 0/0
   599 | D:1      | Reached XP level 2. HP: 25/27 MP: 1/1
  1062 | D:2      | Noticed Terence
  1063 | D:2      | Reached skill level 4 in Fighting
  1063 | D:2      | Reached XP level 3. HP: 33/33 MP: 2/2
  1075 | D:2      | Killed Terence
  1166 | D:2      | Noticed Jessica
  1175 | D:2      | Killed Jessica
  1175 | D:2      | Reached XP level 4. HP: 35/40 MP: 3/3
  1283 | D:2      | Found a bloodstained altar of Trog.
  1461 | D:2      | Reached skill level 5 in Axes
  1476 | D:2      | Found a shadowy altar of Dithmenos.
  1898 | D:3      | Noticed Sigmund
  1913 | D:3      | Killed Sigmund
  1913 | D:3      | Reached ** piety under Trog
  1913 | D:3      | Reached XP level 5. HP: 47/47 MP: 4/4
  1913 | D:3      | Reached XP level 6. HP: 55/55 MP: 5/5
  1976 | D:3      | Noticed Natasha
  1981 | D:3      | Killed Natasha
  1981 | D:3      | Reached skill level 5 in Fighting
  2136 | D:3      | Noticed Natasha
  2146 | D:3      | Killed Natasha
  2529 | D:4      | Noticed Robin
  2551 | D:4      | Killed Robin
  2687 | D:4      | Reached XP level 7. HP: 61/61 MP: 6/6
  2725 | D:4      | Reached skill level 5 in Armour
  3164 | D:4      | Reached skill level 6 in Fighting
  3310 | D:5      | Entered Level 5 of the Dungeon
  3325 | D:5      | Reached *** piety under Trog
  3357 | D:5      | Reached XP level 8. HP: 50/70 MP: 7/7
  3649 | D:5      | Reached skill level 5 in Dodging
  3889 | D:5      | Found a blossoming altar of Fedhas.
  4076 | D:5      | Found Luowad's Assorted Antiques.
  4081 | D:5      | Bought a blackened opal ring for 155 gold pieces
  4319 | D:6      | Reached **** piety under Trog
  4426 | D:6      | Noticed Prince Ribbit
  4452 | D:6      | Got a coiled ruby amulet
  4453 | D:6      | Identified the amulet "Boitsimp" {Reflect SH+4 Stlth+} (You
                  | found it on level 6 of the Dungeon)
  4594 | D:6      | Reached skill level 7 in Fighting
  5592 | D:6      | Killed Prince Ribbit
  5643 | D:7      | Reached XP level 9. HP: 68/79 MP: 8/8
  5839 | D:7      | Found a staircase to the Ecumenical Temple.
  6017 | D:7      | You fall into a shaft and drop 3 floors!
  6017 | D:10     | Entered Level 10 of the Dungeon
  6032 | D:10     | Reached skill level 10 in Axes
  6107 | D:10     | Reached skill level 8 in Fighting
  6533 | D:9      | Reached XP level 10. HP: 90/90 MP: 9/9
  6538 | D:9      | Reached ***** piety under Trog
  6538 | D:9      | Received a gift from Trog
  6804 | D:9      | Reached skill level 9 in Fighting
  7250 | D:8      | Found a staircase to the Lair.
  7751 | D:7      | Found an opulent altar of Gozag.
  7864 | D:7      | Received a gift from Trog
  8665 | D:9      | Noticed a two-headed ogre
  8671 | D:9      | Killed a two-headed ogre
  8671 | D:9      | Reached XP level 11. HP: 75/99 MP: 3/10
  9130 | D:10     | Found a staircase to the Orcish Mines.
  9202 | D:10     | Reached skill level 10 in Fighting
 10081 | D:11     | Reached skill level 1 in Evocations
 10418 | D:11     | Received a gift from Trog
 10418 | D:11     | Reached skill level 10 in Armour
 10488 | D:11     | Found Wuibuan's General Store.
 10549 | D:11     | Noticed a seven-headed hydra
 11005 | D:11     | Noticed a two-headed ogre
 11005 | D:11     | Bought a potion of curing for 39 gold pieces
 11015 | D:11     | Killed a four-headed hydra
 11035 | D:11     | Killed a two-headed ogre
 11142 | D:11     | Found Narot's Distillery.
 11168 | D:11     | Bought a potion of mutation for 128 gold pieces
 11168 | D:11     | Bought 2 potions of heal wounds for 160 gold pieces
 11379 | Lair:1   | Entered Level 1 of the Lair of Beasts
 11495 | Lair:1   | Reached XP level 12. HP: 108/108 MP: 13/13
 11672 | Lair:1   | Reached skill level 11 in Fighting
 11931 | Lair:2   | Noticed a seven-headed hydra
 11940 | Lair:2   | Killed a three-headed hydra
 11954 | Lair:2   | Noticed an eight-headed hydra
 11969 | Lair:2   | Killed a five-headed hydra
 11969 | Lair:2   | Reached skill level 10 in Dodging
 12382 | Lair:2   | Found a hole to the Spider Nest.
 12488 | Lair:2   | Reached skill level 15 in Axes
 12641 | Lair:2   | Found a staircase to the Shoals.
 12644 | Lair:2   | Received a gift from Trog
 12856 | Lair:2   | Noticed Urug
 12876 | Lair:2   | Killed Urug
 13978 | Lair:3   | Reached skill level 5 in Evocations
 14079 | Lair:3   | Reached XP level 13. HP: 108/117 MP: 15/15
 14478 | Lair:4   | Found a transporter.
 14484 | Lair:4   | Noticed Rooheesk's ghost (journeyman DDGl)
 14500 | Lair:4   | Found a transporter.
 14539 | Lair:4   | Reached skill level 12 in Fighting
 15031 | Lair:4   | Found a basalt altar of Yredelemnul.
 15114 | Lair:4   | Noticed Snorg
 15119 | Lair:4   | Killed Snorg
 15503 | Lair:5   | Received a gift from Trog
 15552 | Lair:5   | Found a dark tunnel.
 15560 | Volcano  | Entered a volcano
 15768 | Volcano  | Found a bloodstained altar of Trog.
 16606 | Lair:6   | Entered Level 6 of the Lair of Beasts
 16623 | Lair:6   | Received a gift from Trog
 17053 | Lair:6   | Reached skill level 13 in Fighting
 17053 | Lair:6   | Noticed a dire elephant
 17069 | Lair:6   | Killed a dire elephant
 17069 | Lair:6   | Reached XP level 14. HP: 102/129 MP: 16/16
 17319 | Lair:6   | Received a gift from Trog
 18490 | Lair:6   | Found a runed translucent door.
 18493 | Lair:6   | Found a viscous altar of Jiyva.
 18494 | Lair:6   | Found a staircase to the Slime Pits.
 18984 | D:12     | Received a gift from Trog
 19776 | D:13     | Noticed Maurice
 19784 | D:13     | Killed Maurice
 20217 | D:13     | Noticed Erolcha
 20221 | D:13     | Killed Erolcha
 20221 | D:13     | Received a gift from Trog
 20333 | D:13     | Reached skill level 14 in Fighting
 20573 | D:14     | Found a gate to the Vaults.
 21165 | D:14     | Got a pair of transparent boots
 21175 | D:14     | Identified the +2 pair of boots "Ysatex" {rF++ Dex+2} (You
                  | found it on level 14 of the Dungeon)
 21540 | D:14     | Found a shadowy altar of Dithmenos.
 21819 | D:15     | Entered Level 15 of the Dungeon
 21973 | Orc:1    | Entered Level 1 of the Orcish Mines
 21989 | Orc:1    | Found a roughly hewn altar of Beogh.
 22154 | Orc:2    | Entered Level 2 of the Orcish Mines
 22164 | Orc:2    | Found a staircase to the Elven Halls.
 22256 | Orc:2    | Found Saodeil Icy's General Store.
 22265 | Orc:2    | Bought a potion of curing for 48 gold pieces
 22265 | Orc:2    | Bought a scroll of teleportation for 48 gold pieces
 22265 | Orc:2    | Bought 3 scrolls of teleportation for 144 gold pieces
 22295 | Orc:2    | Noticed Blork the orc
 22305 | Orc:2    | Noticed an orc warlord
 22306 | Orc:2    | Received a gift from Trog
 22307 | Orc:2    | Killed Blork the orc
 22312 | Orc:2    | Reached XP level 15. HP: 139/139 MP: 16/18
 22313 | Orc:2    | Found a roughly hewn altar of Beogh.
 22328 | Orc:2    | Killed an orc warlord
 22348 | Orc:2    | Found Xuakh's Book Boutique.
 22748 | Orc:2    | Found Zuneuwk's General Store.
 22938 | Orc:2    | Found Iqoepserphir's Antique Weapon Boutique.
 22953 | Orc:2    | Found Kuhih's Antique Armour Boutique.
 22960 | Orc:2    | Bought a pitted plate armour for 868 gold pieces
 22970 | Orc:2    | Identified the +9 plate armour of Weightlessness {rC-
                  | Int+7} (You bought it in a shop on level 2 of the Orcish
                  | Mines)
 23259 | Orc:1    | Received a gift from Trog
 23499 | Orc:2    | Bought a potion of curing for 39 gold pieces
 23499 | Orc:2    | Bought a potion of might for 52 gold pieces
 23499 | Orc:2    | Bought a potion of heal wounds for 65 gold pieces
 24116 | D:15     | Reached skill level 1 in Shields
 24158 | D:15     | Reached skill level 15 in Fighting
 24283 | D:15     | Found a staircase to the Depths.
 24502 | D:15     | Noticed a frost giant
 24513 | D:15     | Killed a frost giant
 24811 | Shoals:1 | Entered Level 1 of the Shoals
 24858 | Shoals:1 | Reached skill level 15 in Armour
 25379 | Shoals:1 | Found Qihask's Food Emporium.
 25402 | Shoals:1 | Bought a ration for 55 gold pieces
 25402 | Shoals:1 | Bought a ration for 55 gold pieces
 25402 | Shoals:1 | Bought a ration for 55 gold pieces
 25402 | Shoals:1 | Bought a ration for 55 gold pieces
 25402 | Shoals:1 | Bought a ration for 55 gold pieces
 25402 | Shoals:1 | Bought a ration for 55 gold pieces
 25402 | Shoals:1 | Bought a ration for 55 gold pieces
 25402 | Shoals:1 | Bought a ration for 55 gold pieces
 25402 | Shoals:1 | Bought a ration for 55 gold pieces
 25402 | Shoals:1 | Bought a ration for 55 gold pieces
 25434 | Shoals:1 | Reached skill level 5 in Shields
 25718 | Shoals:2 | Received a gift from Trog
 26028 | Shoals:2 | Noticed Ilsuiw
 26054 | Shoals:2 | Killed Ilsuiw
 26057 | Shoals:2 | Found Teifac's Jewellery Emporium.
 26317 | Shoals:2 | Bought the ring of Generosity {*Contam rPois MP+9 Str+3}
                  | for 542 gold pieces
 26434 | Shoals:2 | Noticed Aizul
 26450 | Shoals:2 | Killed Aizul
 26560 | Shoals:2 | Reached XP level 16. HP: 144/150 MP: 19/19
 27032 | Shoals:3 | Received a gift from Trog
 27514 | Shoals:3 | Noticed Polyphemus
 27552 | Shoals:3 | Killed Polyphemus
 27552 | Shoals:3 | Reached skill level 16 in Fighting
 27617 | Shoals:3 | Identified the +1 scale mail "Wumopseu" {Str+5 Dex+4} (You
                  | found it on level 3 of the Shoals)
 28036 | Shoals:3 | Reached skill level 10 in Shields
 28291 | Shoals:4 | Entered Level 4 of the Shoals
 28767 | Shoals:4 | Received a gift from Trog
 29292 | Shoals:4 | Got a barnacled rune of Zot
 29847 | Shoals:4 | Noticed a kraken
 29861 | Shoals:4 | Killed a kraken
 30294 | Vaults:1 | Entered Level 1 of the Vaults
 30299 | Vaults:1 | Found Ugahoap's Book Shoppe.
 30364 | Vaults:1 | Noticed Saint Roka
 30374 | Vaults:1 | Received a gift from Trog
 30381 | Vaults:1 | Killed Saint Roka
 30381 | Vaults:1 | Reached skill level 17 in Fighting
 30381 | Vaults:1 | Reached XP level 17. HP: 161/161 MP: 20/20
 30523 | Vaults:1 | Noticed a lich
 30534 | Vaults:1 | Killed a lich
 30655 | Vaults:1 | Identified a scroll of acquirement
 30658 | Vaults:1 | Identified the +8 crystal plate armour of Dust {rN+++ Str-2
                  | Int+8 Dex-5} (You acquired it on level 1 of the Vaults)
 31185 | Vaults:1 | Paralysed by a great orb of eyes for 4 turns
 31190 | Vaults:1 | Received a gift from Trog
 32203 | Vaults:2 | You fall into a shaft and drop 2 floors!
 32236 | Vaults:4 | Reached skill level 18 in Fighting
 32479 | Vaults:4 | Paralysed by an ogre mage for 3 turns
 32489 | Vaults:4 | Received a gift from Trog
 32750 | Vaults:3 | Reached XP level 18. HP: 172/172 MP: 22/22
 32938 | Vaults:3 | Received a gift from Trog
 33171 | Vaults:3 | Found Tabbimi's Distillery.
 33179 | Vaults:3 | Bought a potion of curing for 39 gold pieces
 33179 | Vaults:3 | Bought 2 potions of heal wounds for 130 gold pieces
 33179 | Vaults:3 | Bought a potion of agility for 52 gold pieces
 33179 | Vaults:3 | Bought a potion of curing for 39 gold pieces
 33179 | Vaults:3 | Bought a potion of mutation for 104 gold pieces
 33180 | Vaults:3 | Gained mutation: You are partially covered in iridescent
                  | scales. (AC +2) [potion of mutation]
 33180 | Vaults:3 | Gained mutation: You are frail. (-10% HP) [potion of
                  | mutation]
 33180 | Vaults:3 | Gained mutation: You possess an exceptional clarity of
                  | mind. [potion of mutation]
 33181 | Vaults:3 | Lost mutation: You possess an exceptional clarity of mind.
                  | [potion of mutation]
 33181 | Vaults:3 | Lost mutation: You are frail. (-10% HP) [potion of
                  | mutation]
 33181 | Vaults:3 | Lost mutation: You are partially covered in iridescent
                  | scales. (AC +2) [potion of mutation]
 33181 | Vaults:3 | Gained mutation: You have large cloven feet. [potion of
                  | mutation]
 33181 | Vaults:3 | Gained mutation: You are partially covered in icy blue
                  | scales. (AC +2) [potion of mutation]
 33181 | Vaults:3 | Gained mutation: You are agile. (Dex +2) [potion of
                  | mutation]
 33514 | Vaults:3 | Reached skill level 15 in Shields
 33533 | Vaults:3 | Found a staircase to the Crypt.
 34248 | Vaults:2 | You fall into a shaft and drop 1 floor!
 34384 | Vaults:2 | Reached skill level 15 in Dodging
 34421 | Vaults:2 | Received a gift from Trog
 34617 | Vaults:2 | You fall into a shaft and drop 2 floors!
 35088 | Vaults:2 | Noticed a tentacled monstrosity
 35101 | Vaults:2 | Killed a tentacled monstrosity
 35467 | Vaults:2 | Paralysed by a wizard for 2 turns
 35477 | Vaults:2 | Paralysed by a wizard for 6 turns
 35885 | Vaults:4 | Received a gift from Trog
 36219 | Vaults:4 | Reached ****** piety under Trog
 36246 | Vaults:4 | Reached XP level 19. HP: 169/181 MP: 24/24
 36424 | Vaults:4 | Reached skill level 19 in Fighting
 37092 | Spider:1 | Entered Level 1 of the Spider Nest
 37098 | Spider:1 | Received a gift from Trog
 37119 | Spider:1 | Noticed Josephine
 37139 | Spider:1 | Killed Josephine
 37255 | Spider:1 | Identified the +4 shield of the Doldrums {rC+}
 37255 | Spider:1 | Noticed Donald
 37262 | Spider:1 | Noticed Agnes
 37271 | Spider:1 | Received a gift from Trog
 37815 | Spider:1 | Killed Donald
 38346 | Spider:1 | Killed Agnes
 38937 | Spider:2 | Noticed mortelune's ghost (journeyman MiMo)
 38950 | Spider:2 | Found a transporter.
 39013 | Spider:2 | Found a transporter.
 39111 | Spider:2 | Noticed Roxanne
 39119 | Spider:2 | Killed Roxanne
 39481 | Spider:3 | Noticed Nikola
 39503 | Spider:3 | Killed Nikola
 39510 | Spider:3 | Received a gift from Trog
 39626 | Spider:3 | Noticed Louise
 39888 | Spider:3 | Killed Louise
 40187 | Spider:4 | Entered Level 4 of the Spider Nest
 40358 | Spider:4 | Reached skill level 20 in Fighting
 40417 | Spider:4 | Received a gift from Trog
 40874 | Spider:4 | Reached XP level 20. HP: 193/193 MP: 25/25
 41190 | Spider:4 | Received a gift from Trog
 41365 | Spider:4 | Got a gossamer rune of Zot
 41729 | Vaults:5 | Entered Level 5 of the Vaults
 41902 | Vaults:5 | Identified the +8 spear of the Goat {pierce, rC+ Stlth+}
 41926 | Vaults:5 | Got a silver rune of Zot
 42131 | Vaults:5 | Noticed a golden dragon
 42139 | Vaults:5 | Killed a golden dragon
 42191 | Vaults:5 | Reached skill level 21 in Fighting
 42197 | Vaults:5 | Received a gift from Trog
 42515 | Vaults:5 | Noticed a golden dragon
 42529 | Vaults:5 | Killed a golden dragon
 42540 | Vaults:5 | Reached XP level 21. HP: 95/205 MP: 26/26
 42542 | Vaults:5 | Noticed an ancient lich
 42559 | Vaults:5 | Killed an ancient lich
 42580 | Vaults:5 | HP: 4/206 [titan/the air (15)]
 42587 | Vaults:5 | Received a gift from Trog
 42728 | Vaults:5 | Noticed a golden dragon
 42738 | Vaults:5 | Killed a golden dragon
 42941 | Vaults:5 | Identified the ring "Ihiqizob" {rPois rF+ rC- MR- Dex+8}
 42946 | Vaults:5 | Cast into level 2 of the Abyss (yaktaur)
 43031 | Vaults:5 | Escaped the Abyss
 43033 | Vaults:5 | Identified the +3 robe of Bedevilment {Str+3 Int+4}
 43209 | Vaults:5 | Cast into level 3 of the Abyss (a lich)
 43401 | Abyss:3  | Lost intelligence.
 43433 | Abyss:3  | Reached skill level 22 in Fighting
 43501 | Abyss:3  | Noticed an ancient lich
 43533 | Abyss:3  | Killed an ancient lich
 43533 | Abyss:3  | Received a gift from Trog
 43627 | Abyss:3  | Gained mutation: Your spells are a little easier to cast,
                  | but a little less powerful. [a neqoxec]
 43630 | Abyss:3  | Paralysed by you for 6 turns
 43632 | Abyss:3  | Gained mutation: [Scrolls take you a little longer to
                  | read.] [a neqoxec]
 43699 | Abyss:3  | Slain by a tentacled starspawn

Levels and vault maps discovered:
D:1:      eino_arrival_cavern_b, layout_rooms
D:2:      layout_loops_ring, lemuel_crystal_altar, lightli_temple_of_fire,
          first_ration, uniq_jessica, uniq_terence
D:3:      layout_basic, uniq_natasha, uniq_sigmund
D:4:      layout_basic, uniq_robin
D:5:      layout_basic, fedhas_altar_3, serial_shops, nicolae_shop_crystal
D:6:      layout_loops_cross, uniq_prince_ribbit1
D:7:      layout_layer_cave, nicolae_gozag_cash_rules_everything_around_me,
          temple_statues
D:8:      layout_cave_pools, erik_lair_orcish_takeover, serial_column_ruins,
          column_ruins_circle_small, column_ruins_hut_pillars,
          column_ruins_columns_straight, column_ruins_columns_straight,
          column_ruins_grid_1, column_ruins_grid_1, column_ruins_open_small,
          column_ruins_columns_straight, column_ruins_columns_straight
D:9:      layout_loops_ring, grunt_pizzeria, nooodl_food_tri
D:10:     layout_gridville, david_orc_1_choice
D:11:     layout_roguey, serial_shops, kennysheep_mini, nicolae_shop_waterfront
D:12:     layout_irregular_city, minmay_statues_item
D:13:     layout_long_grid, minivault_23, uniq_erolcha, uniq_maurice
D:14:     layout_grid_maze, david_vaults_2,
          nicolae_dithmenos_through_a_glass_darkly
D:15:     hangedman_depths_entry_civil_slaughter, layout_basic,
          serial_bayou_lagoon_a
Lair:1:   layout_loops_ring, minivault_24
Lair:2:   layout_gridlike, elwin_shoals_entry_stream, spider_nest_entry_rubble,
          roderic_batcave, grunt_megastairs_3, serial_bayou_shore_b, uniq_urug
Lair:3:   layout_gridlike, serial_bayou_shore_a
Lair:4:   layout_layer_cave, basic_altar, gammafunk_ghost_arena,
          infiniplex_staircase_pool, serial_bayou_shore_b, uniq_snorg
Lair:5:   layout_roguey, nicolae_volcano_entry_two_sided
Lair:6:   hangedman_lair_caniforms_friends, layout_hall_layers,
          guppyfry_lair_end_dragon, slime_altar_2
Shoals:1: layout_shoals, serial_shops, shop
Shoals:2: layout_shoals, serial_shops, shop, st_cyclops, uniq_ilsuiw, uniq_aizul
Shoals:3: layout_shoals, uniq_polyphemus
Shoals:4: shoals_end_hangedman, layout_shoals
Spider:1: layout_spider_delve, uniq_donald, uniq_josephine, uniq_agnes
Spider:2: layout_spider_delve, gammafunk_ghost_berserking_beasts, uniq_roxanne
Spider:3: layout_spider_delve, guppyfry_spider_mini_1, uniq_nikola, uniq_louise
Spider:4: grunt_spider_rune_island
Orc:1:    layout_caves, basic_altar
Orc:2:    grunt_orc_cross, layout_caves, serial_shops, shop_statue
Vaults:1: hangedman_vaults_variations, v_misc_5, v_misc_30, v_misc_13,
          nicolae_vaults_little_squares_4, layout_vaults_omnigrid, serial_shops,
          shop, uniq_saint_roka
Vaults:2: v_pattern_2, v_misc_16, ontoclasm_vaults_spin, dpeg_vaults_waves,
          hangedman_vaults_stretched_pinwheel, vaults_room_stairs_pillars,
          vaults_room_hallway, vaults_room_pool, layout_vaults_chaotic_city
Vaults:3: v_pattern_5, grunt_vaults_hallway_short, blue_anna_dwarven_crypt,
          hangedman_vaults_slice, grunt_vaults_hallway_long,
          hangedman_vaults_stream, vaults_room_pools, vaults_room_hallway,
          nicolae_vaults_hallways_thing, nicolae_vaults_theta,
          ontoclasm_vaults_decontamination, layout_vaults_ring, serial_shops,
          shop
Vaults:4: nicolae_vaults_big_angled_halls, hangedman_vaults_river_flow,
          hangedman_vaults_unwind, nicolae_vaults_theta,
          vaults_mumra_chevron_long, hangedman_vaults_stitches,
          vaults_room_hallway, v_alt_pattern_3, nicolae_vaults_little_squares_6,
          vaults_room_pool, vaults_mumra_hexcomb,
          nicolae_vaults_yaktaur_gun_rack, grunt_vaults_funnel,
          vaults_room_hangedman_quadrants, layout_vaults_big_cross
Vaults:5
Abyss:3:  base: Spider:3, evilmike_nicolae_abyss_rune_containment_curve,
          nicolae_abyss_rune_star_stuff, evilmike_abyss_exit_7, minivault_5,
          hangedman_grunt_abyss_rune_horror_hoard, evilmike_abyss_exit_7,
          evilmike_nicolae_abyss_rune_betentacled_crabyss,
          evilmike_nicolae_abyss_rune_betentacled_crabyss

Skill      XL: |  1  2  3  4  5  6  7  8  9 10 11 12 13 14 15 16 17 18 19 20 21 |
---------------+----------------------------------------------------------------+-----
Axes           | 4 5 6 7 9 11 13 14 15 17 18 19 | 19.9
Fighting       | 4 5 6 7 8 9 10 11 13 14 15 17 18 20 21 22 | 22.3
Armour         | 3 4 5 6 8 9 10 11 12 14 15 16 17 18 19 20 | 20.0
Dodging        | 3 4 6 7 8 9 10 11 13 14 15 16 18 19 | 19.0
Evocations     | 3 5 6 8 |  8.0
Shields        | 7 12 14 16 | 16.5

Action                   |  1- 3 |  4- 6 |  7- 9 | 10-12 | 13-15 | 16-18 | 19-21 || total
-------------------------+-------+-------+-------+-------+-------+-------+-------++-------
Melee: Hand axe          |    39 |     6 |       |       |       |       |       ||    45
       Headbutt          |     6 |    12 |    62 |    99 |   304 |   339 |   368 ||  1190
       War axe           |       |    85 |   374 |    21 |       |       |       ||   480
       Unarmed           |       |    15 |       |       |       |       |       ||    15
       Battleaxe         |       |       |       |   192 |       |       |       ||   192
       Broad axe         |       |       |       |   267 |  1028 |  1090 |  1046 ||  3431
Invok: Berserk           |     1 |     3 |     5 |     6 |    12 |     9 |     9 ||    45
       Brothers in Arms  |       |       |       |     1 |       |       |       ||     1
       Trog's Hand       |       |       |       |       |     1 |     3 |     4 ||     8
Evoke: Wand              |       |       |       |       |       |       |    16 ||    16
       Lamp of fire      |       |       |       |       |       |       |     1 ||     1
  Use: Scroll            |     2 |     3 |     5 |    18 |    14 |     8 |    13 ||    63
       Potion            |       |       |       |     2 |     1 |    10 |    14 ||    27
 Stab: Sleeping          |     1 |       |       |       |       |       |       ||     1
       Petrified         |       |       |       |       |     4 |       |       ||     4
       Petrifying        |       |       |       |       |       |     1 |       ||     1
       Held in net/web   |       |       |       |       |       |       |     1 ||     1
  Eat: Chunk             |       |     9 |    14 |    27 |    42 |    43 |    23 ||   158
       Ration            |       |       |     1 |     1 |     3 |       |     3 ||     8
Armor: Animal skin       |     4 |       |       |       |       |       |       ||     4
       Chain mail        |     1 |    16 |       |       |       |       |       ||    17
       Plate armour      |       |    30 |   232 |   225 |   530 |   188 |       ||  1205
       Crystal plate arm |       |       |       |       |       |   226 |   485 ||   711
       Gold dragon scale |       |       |       |       |       |       |    54 ||    54
Dodge: Dodged            |    21 |    48 |   159 |   267 |   650 |   447 |   418 ||  2010
Block: Other             |       |       |    29 |    75 |   119 |       |       ||   223
       Reflection        |       |       |     4 |       |    21 |    52 |    40 ||   117
       Buckler           |       |       |       |       |    85 |   511 |   160 ||   756
       Shield            |       |       |       |       |       |       |   876 ||   876

Table legend:
 A = Non-vault XP
 B = Vault XP
 C = Vault XP percentage of total XP
 D = Non-vault monster count
 E = Vault monster count
 F = Vault count percentage of total count
                 A         B        C        D         E       F
            +---------+---------+-------+---------+---------+-------
      Total |  376382 |  291193 |  43.6 |    1117 |     452 |  28.8
            +---------+---------+-------+---------+---------+-------
        D:1 |      29 |       0 |   0.0 |      14 |       0 |   0.0
        D:2 |      76 |      73 |  49.0 |      13 |       2 |  13.3
        D:3 |      56 |     260 |  82.3 |       9 |       2 |  18.2
        D:4 |     744 |      30 |   3.9 |      24 |       9 |  27.3
        D:5 |     471 |       0 |   0.0 |      24 |       0 |   0.0
        D:6 |     783 |     264 |  25.2 |      23 |       1 |   4.2
        D:7 |     434 |       0 |   0.0 |      14 |       0 |   0.0
        D:8 |    1359 |     902 |  39.9 |      30 |      10 |  25.0
        D:9 |    3715 |     458 |  11.0 |      39 |       5 |  11.4
       D:10 |    3215 |     801 |  19.9 |      37 |       9 |  19.6
       D:11 |    5899 |       0 |   0.0 |      39 |       0 |   0.0
       D:12 |    6144 |       0 |   0.0 |      32 |       0 |   0.0
       D:13 |    4452 |    1491 |  25.1 |      33 |       2 |   5.7
       D:14 |    5935 |    1750 |  22.8 |      30 |       3 |   9.1
       D:15 |   10863 |    5684 |  34.4 |      29 |       6 |  17.1
     Lair:1 |    4374 |       0 |   0.0 |      15 |       0 |   0.0
     Lair:2 |    6830 |    3955 |  36.7 |      26 |      15 |  36.6
     Lair:3 |    3722 |       0 |   0.0 |      21 |       0 |   0.0
     Lair:4 |    3344 |    1084 |  24.5 |      16 |       1 |   5.9
     Lair:5 |    6544 |       0 |   0.0 |      30 |       0 |   0.0
     Lair:6 |    9148 |   14366 |  61.1 |      30 |      69 |  69.7
   Shoals:1 |    7303 |       0 |   0.0 |      15 |       0 |   0.0
   Shoals:2 |   12340 |    9034 |  42.3 |      22 |      13 |  37.1
   Shoals:3 |   15267 |    5020 |  24.7 |      28 |       4 |  12.5
   Shoals:4 |   16058 |   21541 |  57.3 |      34 |      33 |  49.3
   Spider:1 |   17855 |    6204 |  25.8 |      57 |       7 |  10.9
   Spider:2 |   13743 |    2015 |  12.8 |      41 |       1 |   2.4
   Spider:3 |    8997 |    6891 |  43.4 |      30 |       8 |  21.1
   Spider:4 |   16135 |   26225 |  61.9 |      37 |      43 |  53.8
      Orc:1 |    4810 |       0 |   0.0 |      33 |       0 |   0.0
      Orc:2 |     584 |    7328 |  92.6 |      14 |      32 |  69.6
   Vaults:1 |   28737 |   13347 |  31.7 |      41 |      30 |  42.3
   Vaults:2 |   24650 |   21419 |  46.5 |      43 |      18 |  29.5
   Vaults:3 |   28872 |   14361 |  33.2 |      53 |      24 |  31.2
   Vaults:4 |   31781 |   11915 |  27.3 |      53 |      15 |  22.1
   Vaults:5 |   23525 |  109576 |  82.3 |      23 |      69 |  75.0
    Abyss:2 |    3630 |       0 |   0.0 |       2 |       0 |   0.0
    Abyss:3 |   43958 |       0 |   0.0 |      63 |       0 |   0.0
    Volcano |       0 |    5199 | 100.0 |       0 |      21 | 100.0
            +---------+---------+-------+---------+---------+-------
